 Dungeon Crawl Stone Soup version 0.24-b1-44-g37ad8b309f (webtiles) character file.

Game seed: 7651582611340564200, levelgen mode: deterministic

75 Mrkan the Shield-Bearer (level 4, 0/29 HPs)
             Began as a Gargoyle Fighter on Oct 24, 2019.
             Killed by divine providence
             ... invoked by an orc priest
              (12 damage)
             ... on level 3 of the Dungeon.
             The game lasted 00:02:44 (1359 turns).

Mrkan the Shield-Bearer (Gargoyle Fighter)          Turns: 1359, Time: 00:02:45

Health: 0/29       AC: 15    Str: 21    XL:     4   Next: 31%
Magic:  4/4        EV:  4    Int:  8    God:
Gold:   85         SH:  9    Dex:  9    Spells: 3/3 levels left

rFire    . . .     SeeInvis .   a - +0 flail
rCold    . . .     Gourm    .   c - +0 shield
rNeg     + . .     Faith    .   o - +0 plate armour
rPois    ∞         Spirit   .   (no helmet)
rElec    +         Reflect  .   (no cloak)
rCorr    .         Harm     .   (no gloves)
MR       .....                  (no boots)
Stlth    ..........             (no amulet)
HPRegen  0.09/turn              (no ring)
MPRegen  0.09/turn              (no ring)

@: no status effects
A: negative energy resistance 1, electricity resistance, unbreathing,
petrification resistance, rot immunity, AC +3
a: no special abilities


You were on level 3 of the Dungeon.
You were not hungry.

You visited 1 branch of the dungeon, and saw 3 of its levels.

You collected 85 gold pieces.

Inventory:

Hand Weapons
 a - a +0 flail (weapon)
Missiles
 i - 113 stones (quivered)
Armour
 b - a +0 scale mail
 c - a +0 shield (worn)
 j - a cursed -2 scale mail
 o - a +0 plate armour (worn)
Scrolls
 h - 2 scrolls of identify {unknown}
 m - a scroll of random uselessness {unknown}
Potions
 d - a potion of might
 e - 5 potions of curing {unknown}
 g - a potion of magic {unknown}
 k - 2 potions of invisibility
 l - a potion of heal wounds {unknown}
 n - a potion of flight {unknown}
 p - a potion of ambrosia {unknown}
Comestibles
 f - 4 rations
 q - 2 chunks of flesh


   Skills:
 + Level 4.1 Fighting
 + Level 3.0 Maces & Flails
 - Level 3.2 Armour
 + Level 4.1 Shields


You had 3 spell levels left.
You didn't know any spells.
Your spell library was empty.

Dungeon Overview and Level Annotations

Branches:
Dungeon (3/15)

Altars:


Innate Abilities, Weirdness & Mutations

You are resistant to torment.
Your stone body is resilient. (AC +3)
You are immune to poison.
You resist negative energy. (rN+)
You are resistant to electric shocks. (rElec)
You can survive without breathing.
You are immune to petrification.
You are immune to rotting.


Message History

Your plate armour prevents you from hitting the orc priest.
You hear a shout!
The orc priest calls down the wrath of Beogh upon you.
Beogh smites you!
You closely miss the orc priest. You block the orc priest's attack.
You hit the orc priest.
The orc priest is lightly wounded.
The orc priest casts a cantrip, but nothing happens.
You hit the orc priest.
The orc priest is lightly wounded.
The orc priest hits you but does no damage.
The orc priest casts a cantrip, but nothing happens.
You hit the orc priest.
The orc priest is heavily wounded.
The orc priest hits you but does no damage.
You hit the orc priest.
The orc priest is severely wounded.
The orc priest calls down the wrath of Beogh upon you.
Beogh smites you!
You die...

..########............
..#######......##.....
......................
.##.##########.#..###
.##.# #)#..#
###b######## #.#..#
............ #.#..#
#...#.#####. #.#..#.#
#..#.## #.$@o..#
#.#.## #.............
#.### ####.#..#.#...
#.# #.##..... . #.#
#.# #.##... #.# #.. ..
.. #.# ### .## . #.#
.. #.# #########


You could see an orc priest.

Vanquished Creatures
  Terence (D:3)
  A worm (D:3)
  A leopard gecko (D:2)
  5 orcs (D:3)
  6 bats
  A giant cockroach (D:1)
  7 goblins
  2 hobgoblins (D:1)
  2 quokkas
  3 frilled lizards (D:3)
  5 kobolds
  4 rats
38 creatures vanquished.

Notes
Turn   | Place    | Note
-------+----------+-------------------------------------------
     0 | D:1      | Mrkan the Gargoyle Fighter began the quest for the Orb.
     0 | D:1      | Reached XP level 1. HP: 14/14 MP: 1/1
   212 | D:1      | Reached XP level 2. HP: 18/19 MP: 2/2
   769 | D:2      | Reached XP level 3. HP: 22/24 MP: 3/3
  1321 | D:3      | Noticed Terence
  1339 | D:3      | Killed Terence
  1339 | D:3      | Reached XP level 4. HP: 29/29 MP: 4/4
  1359 | D:3      | Killed from afar by an orc priest

Skill      XL: |  1  2  3 |
---------------+----------+-----
Fighting       | 4 |  4.1
Maces & Flails | 3 |  3.0
Shields        | 4 |  4.1
Armour         | |  3.2

Action                   |  1- 3 |  4- 6 || total
-------------------------+-------+-------++-------
Melee: Flail             |   182 |    10 ||   192
  Eat: Chunk             |     2 |       ||     2
Armor: Scale mail        |    30 |       ||    30
       Plate armour      |    87 |     2 ||    89
Dodge: Dodged            |    38 |     1 ||    39
Block: Shield            |    91 |     2 ||    93
